 Dungeon Crawl Stone Soup version 0.27-a0-951-gae3e1deef5 (webtiles) character file.

Game seed: 11456080968544505590

18 Alarkh the Insei (level 2, 22/23 HPs)
             Began as a Demonspawn Gladiator on Apr 11, 2021.
             Got out of the dungeon alive.
             The game lasted 00:00:38 (387 turns).

Alarkh the Insei (Demonspawn Gladiator)              Turns: 387, Time: 00:00:39

Health: 22/23      AC:  4    Str: 14    XL:     2   Next: 48%
Magic:  2/2        EV: 12    Int:  9    God:
Gold:   6          SH:  0    Dex: 14    Spells: 1/1 levels left

rFire    . . .     SeeInvis .     - Unarmed
rCold    . . .     Faith    .   (no shield)
rNeg     . . .     Spirit   .   a - +0 leather armour
rPois    .         Reflect  .   b - +0 helmet
rElec    .         Harm     .   (no cloak)
rCorr    .         Rampage  .   (no gloves)
Will     .....                  (no boots)
Stlth    +.........             (no amulet)
HPRegen  0.07/turn              (no ring)
MPRegen  0.08/turn              (no ring)

@: no status effects
A: foul stench 1
a: no special abilities


You escaped.
You visited 1 branch of the dungeon, and saw 2 of its levels.

You collected 6 gold pieces.

Inventory:

Missiles
 c - 3 throwing nets (quivered)
 g - 14 poisoned darts
Armour
 a - a +0 leather armour (worn)
 b - a +0 helmet (worn)
Jewellery
 h - a ring of protection from cold
Scrolls
 d - a scroll of acquirement {unknown}
 e - a scroll of teleportation {unknown}
Potions
 f - a potion of mutation {unknown}


   Skills:
 + Level 2.4 Fighting
 - Level 1.7 Throwing
 - Level 2.6 Dodging
 * Level 3.3 Unarmed Combat


You had one spell level left.
You didn't know any spells.
Your spell library was empty.

Dungeon Overview and Level Annotations

Branches:
Dungeon (2/15)

Altars:
Xom

Annotations:
D:2 Natasha


Innate Abilities, Weirdness & Mutations

You may rarely emit foul miasma when damaged in melee.


Message History

No target in view!
No target in view!
No target in view!
No target in view!
No target in view!
No target in view!
No target in view!
No target in view!
No target in view!
No target in view!
g - 14 poisoned darts;
h - a ring of protection from cold
Things that are here:
a +0 club; a goblin corpse A dart slug comes into view.
You can't go up here!
No target in view!
(D) Dungeon
Where to? (Enter - D:1 @ (x,y), ? - help)
A dart slug is nearby!
You hit the dart slug but do no damage. The dart slug misses you.
You hit the dart slug.
The dart slug is moderately wounded.
You hit the dart slug.
The dart slug is severely wounded.
The dart slug misses you.
You hit the dart slug.
You kill the dart slug!
No target in view!
No target in view!
No target in view!
No target in view!
No target in view!
No target in view!
No target in view!
(D) Dungeon
Where to? (Enter - D:1 @ (x,y), ? - help)
A nearby plant withers and dies.
There is a staircase leading out of the dungeon here.
Are you sure you want to leave the Dungeon?
This will make you lose the game!
You have escaped!

............###...##
.#####
..............#P.P#
.#
..............#P..#
.#
......)#......#P.P#
.......###....#P.P#
.........#....#..P#
.......#.##...#..P#
..............#..P#
####.......#..#P@P#
[.[#...##.....#P.P#
...#...##.....#...#
...#..........#...#
###.##..##....#P..#
...#.#...#....#..P#
...##.##..#...#...#
.#...#.#...#..#...#
.....##.##.##.#


There were no monsters in sight!

Vanquished Creatures
  A dart slug (D:1)
  2 endoplasms (D:1)
  4 goblins (D:1)
  3 ball pythons
  2 bats
  2 frilled lizards (D:1)
  4 rats
18 creatures vanquished.

Vanquished Creatures (others)
  14 plants (D:1)
14 creatures vanquished.

Grand Total: 32 creatures vanquished

Notes
Turn   | Place    | Note
-------+----------+-------------------------------------------
     0 | D:1      | Alarkh the Demonspawn Gladiator began the quest for the
                  | Orb.
     0 | D:1      | Reached XP level 1. HP: 16/16 MP: 1/1
   112 | D:1      | You fall into a shaft and drop 1 floor!
   112 | D:2      | Found a shimmering altar of Xom.
   123 | D:2      | Reached skill level 3 in Unarmed Combat
   132 | D:2      | Noticed Natasha
   140 | D:1      | Gained mutation: You may rarely emit foul miasma when
                  | damaged in melee. [demonic ancestry]
   140 | D:1      | Reached XP level 2. HP: 13/22 MP: 2/2
   387 | D:$      | Got out of the dungeon alive.

Illustrated notes

Levels and vault maps discovered:
D:1:      eino_arrival_tree_alley, layout_rooms, serial_shops, shop_statue,
          minmay_vboxes
D:2:      layout_basic, basic_altar, minmay_misc_feat_enclosed,
          uniq_crazy_yiuf_cottage, uniq_natasha, uniq_terence

Skill      XL: |  1 |
---------------+----+-----
Unarmed Combat | 3 |  3.3
Fighting       | |  2.4
Throwing       | |  1.7
Dodging        | |  2.6

Action                   || total
-------------------------++-------
Melee: Unarmed           ||    62
Armor: Leather armour    ||    18
Dodge: Dodged            ||    34

Table legend: (Time is in decaauts)
 A = Elapsed time spent in this place.
 B = Non-inter-level travel time spent in this place.
 C = Inter-level travel time spent in this place.
 D = Time resting spent in this place.
 E = Time spent auto-exploring this place.
 F = Levels seen in this place.
 G = Mean time per level.
                   A        B        C        D        E       F      G
               +--------+--------+--------+--------+--------+-----+--------+
         Total |    383 |    355 |     28 |      0 |    245 |   2 |  191.5 |
       Dungeon |    383 |    355 |     28 |      0 |    245 |   2 |  191.5 |
               +--------+--------+--------+--------+--------+-----+--------+

Top non-repeatable levels by time:
     D:1: 362 daAuts
     D:2: 21 daAuts
